 Dungeon Crawl Stone Soup version 0.31.0-12-g77e489cdc1 (webtiles) character file.

Game seed: 11194748111839841789

28 ChadusMaximus the Caller (level 3, 0/24 HPs)
             Began as a Barachi Summoner on Mar 3, 2024.
             Slain by a gnoll
             ... wielding a +0 whip
              (8 damage)
             ... on level 1 of the Dungeon.
             The game lasted 00:01:29 (752 turns).

ChadusMaximus the Caller (Barachi Summoner)          Turns: 752, Time: 00:01:30

Health: 0/24       AC:  2    Str:  9    XL:     3   Next: 12%
Magic:  1/6        EV: 12    Int: 17    God:
Gold:   62         SH:  0    Dex: 12    Spells: 1/7 levels left

rFire   . . .        c - +0 short sword
rCold   . . .        (no shield)
rNeg    . . .        a - +0 robe
rPois   .            (no helmet)
rElec   .            (no cloak)
rCorr   .            (no gloves)
SInv    .            (no boots)
Will    .....        (no amulet)
Stlth   ++           (no ring)
HPRegen 0.24/turn    (no ring)
MPRegen 0.10/turn

%: no passive effects
@: inugami summoned, slow
A: amphibious, slowness 1, strong legs 1, +LOS
a: Hop


You were on level 1 of the Dungeon.
You visited 1 branch of the dungeon, and saw 2 of its levels.

You collected 62 gold pieces.

Inventory:

Hand Weapons
 c - a +0 short sword (weapon)
Armour
 a - a +0 robe (worn)
 g - a +0 buckler
Scrolls
 f - a scroll of enchant armour {unknown}
 h - a scroll of poison {unknown}
 i - a scroll of identify {unknown}
 j - a scroll of teleportation {unknown}
 k - a scroll of revelation {unknown}
Potions
 b - a potion of magic
 d - a potion of ambrosia {unknown}
 e - a potion of degeneration {unknown}


   Skills:
 - Level 2.6 Dodging
 - Level 1.7 Stealth
 - Level 0.2 Shields
 + Level 2.5 Spellcasting
 * Level 5.4 Summonings


You had one spell level left.
You knew the following spells:

 Your Spells              Type           Power      Damage    Failure   Level
a - Summon Small Mammal   Summ           80%        N/A       1%          1
b - Call Canine Familiar  Summ           20%        N/A       6%          3
c - Call Imp              Summ           40%        N/A       3%          2

Your spell library contained the following spells:

 Spells                   Type           Power      Damage    Failure   Level
 Summon Blazeheart Golem  Fire/Summ      11%        N/A       52%         4
 Summon Lightning Spire   Summ/Air       11%        N/A       52%         4
 Summon Forest            Summ/Tloc      5%         N/A       86%         5
 Summon Mana Viper        Hex/Summ       11%        N/A       86%         5
 Summon Cactus Giant      Summ           10%        N/A       96%         6


Dungeon Overview and Level Annotations

Branches:
Dungeon (2/15)

Altars:


Innate Abilities, Weirdness & Mutations

You are amphibious.
You cover ground slowly.
You can hop short distances.
You have an extended range of vision and can be seen from far away.


Message History

There is an escape hatch in the floor here.
There is a stone staircase leading down here.
You climb downwards.
The gnoll shouts! x2
There is a stone staircase leading up here.
There are monsters nearby!
Unknown command.
The gnoll hits you with a +0 whip.
You climb upwards.
There is a stone staircase leading down here.
Casting: Summon Small Mammal (safe; 1% risk of failure)
Confirm with . or Enter, or press ? or * to list all spells.
You call for your canine familiar and it appears with a howl!
The gnoll hits you with a +0 whip.
Casting: Call Canine Familiar (quite dangerous; 6% risk of failure)
Confirm with . or Enter, or press ? or * to list all spells.
A tiny devil pulls itself out of the air.
The gnoll hits you with a +0 whip.
Your inugami hits the gnoll.
Unknown command.
Your cerulean imp closely misses the gnoll.
Your inugami closely misses the gnoll.
Your cerulean imp hits the gnoll but does no damage.
You hit the gnoll.
The gnoll is heavily wounded.
Your cerulean imp hits the gnoll with a -2 spear.
The gnoll hits you with a +0 whip.
* * * LOW HITPOINT WARNING * * *
Unknown command.
You hit the gnoll.
The gnoll is severely wounded.
Your inugami hits the gnoll.
Your cerulean imp barely misses the gnoll.
The gnoll closely misses your inugami.
Unknown command.
You hit the gnoll but do no damage.
The gnoll is almost dead.
Your inugami hits the gnoll but does no damage.
Your cerulean imp barely misses the gnoll.
The gnoll hits you with a +0 whip!
You die...

#.......#.......# #...#
...............## #...#
#....####.......# ###...#
#.....###.......####.....#
#....†...............#..(#
..>>...........#######...#
#....#.#......#########.##
#.####.##.#.............#
#.# #.#÷÷##.##5@.......#
..####...###....g.......#
........## ###..h.......#
#####...# ##.>.......#
#####..## #.........#
...#...### #.........#
##.).....# #.........#
#..#.##.# #.........#
###....#.##
###.#.####.####


You could see a gnoll (ally target), a friendly cerulean imp (summoned) and a
friendly inugami (summoned).

Vanquished Creatures
  A dart slug (D:1)
  5 ball pythons (D:1)
  A bat (D:1)
  An endoplasm (D:1)
  A rat (D:1)
9 creatures vanquished.

Vanquished Creatures (collateral kills)
  A dart slug (D:1)
  A ball python (D:1)
  3 endoplasms (D:1)
  A hobgoblin (D:1)
  3 bats (D:1)
  2 frilled lizards (D:1)
  A kobold (D:1)
12 creatures vanquished.

Grand Total: 21 creatures vanquished

Notes
Turn   | Place    | Note
-------+----------+-------------------------------------------
     0 | D:1      | ChadusMaximus the Barachi Summoner began the quest for the
                  | Orb.
     0 | D:1      | Reached XP level 1. HP: 13/13 MP: 3/3
    78 | D:1      | Reached skill level 5 in Summonings
   109 | D:1      | Reached XP level 2. HP: 15/19 MP: 5/5
   487 | D:1      | Reached XP level 3. HP: 14/24 MP: 6/6
   712 | D:1      | Learned a level 3 spell: Call Canine Familiar
   715 | D:1      | Learned a level 2 spell: Call Imp
   752 | D:1      | Slain by a gnoll

Illustrated notes

Levels and vault maps discovered:
D:1:      saegor_arrival_simple_e, layout_rooms, chequers_arboretum
D:2:      layout_basic

Skill      XL: |  1 |
---------------+----+-----
Summonings     | 5 |  5.4
Dodging        | |  2.6
Stealth        | |  1.7
Shields        | |  0.2
Spellcasting   | |  2.5

Action                     || total
---------------------------++-------
  Melee: Short sword       ||    50
         Unarmed           ||     3
   Cast: Summon Small Mamm ||    15
         Call Imp          ||     1
         Call Canine Famil ||     1
 Armour: Robe              ||    46
  Dodge: Dodged            ||    48
  Block: Buckler           ||     5
